 Dungeon Crawl Stone Soup version 0.30-a0-358-g0d69a1922f (webtiles) character file.

Game seed: 2569034225990724898

241 nono the Covered (level 5, -3/49 HPs)
             Began as an Armataur Fighter on Nov 1, 2022.
             Was a Believer of Wu Jian.
             Slain by Maggie
             ... wielding a +0 long sword
              (10 damage)
             ... on level 7 of the Dungeon on Nov 8, 2022.
             The game lasted 00:06:58 (2418 turns).

nono the Covered (Armataur Fighter)                 Turns: 2418, Time: 00:06:58

Health: -3/49      AC: -8    Str: 21 (23) XL:     5   Next: 80%
Magic:  5/5        EV:  7    Int:  5 (9)  God:    Wu Jian [**....]
Gold:   161        SH:  4    Dex:  5 (9)  Spells: 4/4 levels left

rFire   . . .      SeeInvis .    a - +0 flail
rCold   . . .      Faith    .    c - +0 buckler
rNeg    . . .      Spirit   .    b - +0 scale mail
rPois   .          Reflect  .    (no helmet)
rElec   .          Harm     .    (no cloak)
rCorr   .          Roll     +    (no gloves)
Will    .....                    (no barding)
Stlth   ..........               (no amulet)
HPRegen 0.28/turn                (no ring)
MPRegen 0.09/turn                (no ring)

@: mighty, corroded, mesmerised
A: large, rugged brown scales 3, deformed body, armoured tail, roll, long
tongue, awkward tongue
a: Renounce Religion, Wall Jump


You were on level 7 of the Dungeon.
You worshipped Wu Jian.
Wu Jian was pleased with you.
You visited 1 branch of the dungeon, and saw 6 of its levels.

You collected 161 gold pieces.

Inventory:

Hand Weapons
 a - a +0 flail (weapon)
Armour
 b - a +0 scale mail (worn)
 c - a +0 buckler (worn)
Scrolls
 e - a scroll of blinking {unknown}
 f - a scroll of enchant armour {unknown}
 g - a scroll of torment {unknown}
 i - 3 scrolls of enchant weapon {unknown}
 j - a scroll of noise {unknown}
 p - a scroll of amnesia {unknown}
 q - a scroll of summoning {unknown}
 r - a scroll of teleportation {unknown}
 t - a scroll of fear {unknown}
 u - a scroll of identify {unknown}
Potions
 h - 3 potions of degeneration
 k - 2 potions of curing
 l - a potion of brilliance {unknown}
 m - a potion of mutation {unknown}
 n - 2 potions of heal wounds {unknown}
 o - 2 potions of attraction {unknown}
 s - a potion of haste {unknown}


   Skills:
 + Level 3.7 Fighting
 + Level 3.1 Maces & Flails
 + Level 5.1 Armour
 + Level 4.6 Shields


You had 4 spell levels left.
You didn't know any spells.
Your spell library was empty.

Dungeon Overview and Level Annotations

Branches:
Dungeon (7/15)
 Temple: D:4-7

Altars:
Okawaru
Wu Jian
Zin

Annotations:
D:7 Maggie


Innate Abilities, Weirdness & Mutations

You are completely covered in rugged brown scales. (AC +3, +7% HP)
Armour fits poorly on your strangely shaped body.
You have a long armoured tail.
You roll when moving toward enemies. (Rampage)
Your long tongue fully drains potion bottles. (2x potion effects)
Your tongue gives you trouble enunciating. (1.5x scroll delay)


Message History

The jelly hits you. The acid corrodes you!
You are splashed with acid.
* * * LOW HITPOINT WARNING * * *
You slurp down every last drop of the 4 black potions!
It was a potion of degeneration.
There was something very wrong with that liquid.
You feel weakened.
You feel dopey.
You feel clumsy. The jelly misses you.
Maggie mumbles some strange words.
Maggie attempts to bespell you!
You are mesmerised by Maggie!
You hear a shout!
You slurp down every last drop of the 3 dark potions!
It was a potion of curing.
You feel better. The jelly hits you. The acid corrodes you!
You are splashed with acid!
Okay, then.
You barely miss the jelly. You tail-slap the jelly.
You kill the jelly!
The Council accepts your kill.
An orc comes into view. It is wielding a +0 hand axe.
You thump Maggie!
Maggie is lightly wounded.
Maggie barely misses you. You block Maggie's attack.
You hit Maggie.
Your tail-slap misses Maggie.
Maggie is lightly wounded.
Maggie practices a pose.
Maggie barely misses you.
You hit Maggie.
Your tail-slap misses Maggie.
Maggie is moderately wounded.
Maggie mumbles some strange words.
Maggie draws you further into her thrall.
You hit Maggie but do no damage.
Maggie is moderately wounded.
Maggie hits you with a +0 long sword!
* * * LOW HITPOINT WARNING * * *
You hit Maggie but do no damage.
Maggie is moderately wounded.
Maggie hits you with a +0 long sword.
* * * LOW HITPOINT WARNING * * *
Maggie hits you with a +0 long sword!
You die...

###############
#.......##....##
#...............
#..........#.###
#.........># ..# #######
#.......##.###.# .......
#.......#....#.#
.......##########.##.....#
.......o@@.....[.>####.#.#
.......##########.#.......
.....#. #.######.# ...J ..
#.# ##.# ..≈ ≈≈≈ #.# #..[
.. .... ..# #<†. . ≈.♣♣♣
.########. ... . #......
##.....


You could see Maggie (mesmerising) and an orc.

Vanquished Creatures
  A scorpion (D:6)
  A jelly (D:7)
  An orc priest (D:3)
  A hound (D:7)
  2 adders
  A worm (D:2)
  3 dart slugs
  3 orcs (D:3)
  2 ball pythons
  4 bats
  5 endoplasms
  3 giant cockroaches
  12 goblins
  6 hobgoblins
  A quokka (D:3)
  8 frilled lizards
  8 kobolds
  3 rats
65 creatures vanquished.

Notes
Turn   | Place    | Note
-------+----------+-------------------------------------------
     0 | D:1      | nono the Armataur Fighter began the quest for the Orb.
     0 | D:1      | Reached XP level 1. HP: 19/19 MP: 1/1
     2 | D:1      | Noticed a vine stalker
     2 | D:1      | Noticed a vampire
     4 | D:1      | Noticed a gargoyle
     6 | D:1      | Noticed a spriggan
     6 | D:1      | Noticed a formicid
     8 | D:1      | Noticed a felid
    11 | D:1      | Noticed a draconian
    11 | D:1      | Noticed a demonspawn
    13 | D:1      | Noticed an octopode
    13 | D:1      | Noticed a troll
    15 | D:1      | Noticed a naga
    17 | D:1      | Noticed an armataur
    17 | D:1      | Noticed a meteoran
    19 | D:1      | Noticed an ogre
    19 | D:1      | Noticed a merfolk
    21 | D:1      | Noticed a demigod
    21 | D:1      | Noticed a ghoul
    23 | D:1      | Noticed a minotaur
    23 | D:1      | Noticed a human
    26 | D:1      | Noticed an elf
    26 | D:1      | Noticed a formicid
    28 | D:1      | Noticed a vine stalker
    28 | D:1      | Noticed a vampire
    96 | D:1      | Reached XP level 2. HP: 26/26 MP: 2/2
   261 | D:1      | Found a faded altar of an unknown god.
   267 | D:1      | Prayed at the altar of an unknown god.
   267 | D:1      | Became a worshipper of the Wu Jian Council
   267 | D:1      | Reached * piety under Wu Jian
   271 | D:1      | Reached skill level 4 in Armour
   286 | D:1      | Upgraded the game from 0.30-a0-341-g682706514a to
                  | 0.30-a0-347-gf58ed5266c
   437 | D:1      | Reached XP level 3. HP: 33/33 MP: 3/3
   827 | D:2      | Upgraded the game from 0.30-a0-347-gf58ed5266c to
                  | 0.30-a0-358-g0d69a1922f
  1283 | D:3      | Reached XP level 4. HP: 12/40 MP: 4/4
  1911 | D:3      | Reached ** piety under Wu Jian
  2067 | D:4      | You fall into a shaft and drop 2 floors!
  2073 | D:6      | Noticed a scorpion
  2078 | D:6      | Killed a scorpion
  2079 | D:6      | Reached XP level 5. HP: 48/48 MP: 5/5
  2094 | D:6      | Found a glowing silver altar of Zin.
  2184 | D:6      | Found an iron altar of Okawaru.
  2185 | D:6      | Noticed an acid dragon
  2195 | D:6      | Noticed an ogre
  2205 | D:7      | Reached skill level 5 in Armour
  2406 | D:7      | Noticed Maggie
  2418 | D:7      | Slain by Maggie

Illustrated notes

Levels and vault maps discovered:
D:1:      kb_arrival_jail, layout_rooms, hellmonk_ecumenical_altar_heavens_door
D:2:      layout_basic
D:3:      cheibrodos_greedy_goblins, layout_basic
D:4:      layout_basic, mainiacjoe_overflow_concentric_impassable,
          mainiacjoe_overflow_six_doors_small,
          mainiacjoe_overflow_surrounded_room, minmay_temple_entry_offerings,
          serial_shops, shop
D:6:      layout_basic, old_standard_altar, okawaru_trees_1, grunt_ministairs_2
D:7:      layout_basic, mainiacjoe_overflow_24_doors, xom_shifter_show,
          mainiacjoe_overflow_brackets, uniq_crazy_yiuf_cottage, uniq_maggie

Skill      XL: |  1  2  3  4  5 |
---------------+----------------+-----
Maces & Flails | 2 3 |  3.1
Armour         | 4 5 |  5.1
Fighting       | 3 |  3.7
Shields        | 4 |  4.6

Action                   |  1- 3 |  4- 6 || total
-------------------------+-------+-------++-------
Melee: Flail             |   111 |    91 ||   202
       Tailslap          |    12 |     9 ||    21
Invok: Whirlwind         |    11 |    12 ||    23
  Use: Potion            |       |     3 ||     3
Armor: Scale mail        |    63 |    46 ||   109
Dodge: Dodged            |    41 |    38 ||    79
Block: Buckler           |    22 |    24 ||    46

Table legend: (Time is in decaauts)
 A = Elapsed time spent in this place.
 B = Non-inter-level travel time spent in this place.
 C = Inter-level travel time spent in this place.
 D = Time resting spent in this place.
 E = Time spent auto-exploring this place.
 F = Levels seen in this place.
 G = Mean time per level.
                   A        B        C        D        E       F      G
               +--------+--------+--------+--------+--------+-----+--------+
         Total |   2472 |   2425 |     47 |    128 |   1716 |   6 |  412.0 |
       Dungeon |   2472 |   2425 |     47 |    128 |   1716 |   6 |  412.0 |
               +--------+--------+--------+--------+--------+-----+--------+

Top non-repeatable levels by time:
     D:3: 739 daAuts
     D:2: 651 daAuts
     D:1: 641 daAuts
     D:7: 218 daAuts
     D:6: 141 daAuts
     D:4: 79 daAuts
